 Dungeon Crawl Stone Soup version 0.31-a0-236-g9a0961fb85 (webtiles) character file.

Game seed: 9118457535673411073

186 Shard1697 the Chopper (level 6, 0/78 HPs)
             Began as a Meteoran Berserker on July 10, 2023.
             Was a Believer of Trog.
             Slain by an ufetubus (4 damage)
             ... on level 4 of the Dungeon.
             The game lasted 00:04:46 (1385 turns).

Shard1697 the Chopper (Meteoran Berserker)          Turns: 1385, Time: 00:04:46

Health: 0/78       AC: -2    Str: 20    XL:     6   Next: 19%
Magic:  7/7        EV: 11    Int: 10    God:    Trog [**....]
Gold:   212        SH:  0    Dex: 13    Spells: 5/5 levels left

rFire   + . .        a - +0 hand axe
rCold   . . .        (no shield)
rNeg    . . .        s - +3 ring mail {rF+}
rPois   .            (no helmet)
rElec   .            (no cloak)
rCorr   .            b - +0 pair of gloves
SInv    .            (no boots)
Will    .....        (no amulet) Stlth
                     (no ring)
HPRegen 0.33/turn    (no ring)
MPRegen 0.10/turn

%: no passive effects
@: berserking (expiring), corroded, glowing, very quick
A: sense surroundings 1, otherworldly, glowing, explore regen
a: Renounce Religion, Berserk, Trog's Hand


You were on level 4 of the Dungeon.
You worshipped Trog.
Trog was pleased with you.
You visited 1 branch of the dungeon, and saw 4 of its levels.

You collected 212 gold pieces.

Inventory:

Hand Weapons
 a - a +0 hand axe (weapon)
 c - a +0 executioner's axe
Missiles
 o - 6 javelins
Armour
 b - a +0 pair of gloves (worn)
 s - a +3 ring mail of fire resistance (worn)
Wands
 n - a wand of flame (32)
 r - a wand of mindburst (11)
Scrolls
 d - a scroll of revelation {unknown}
 e - 2 scrolls of vulnerability
 g - 3 scrolls of immolation {unknown}
 i - a scroll of enchant weapon {unknown}
 m - a scroll of fog {unknown}
 p - 2 scrolls of enchant armour {unknown}
Potions
 f - a potion of degeneration {unknown}
 h - a potion of invisibility {unknown}
 j - 2 potions of curing {unknown}
 k - a potion of lignification {unknown}
 l - 2 potions of heal wounds {unknown}
 q - a potion of might {unknown}


   Skills:
 + Level 4.3 Fighting
 + Level 6.7 Axes
 - Level 2.4 Armour
 - Level 2.4 Dodging


You had 5 spell levels left.
You didn't know any spells.
Your spell library was empty.

Dungeon Overview and Level Annotations

Branches:
Dungeon (4/15) Zot: 995    Temple (0/1) D:4

Altars:
Ashenzari
Cheibriados
Kikubaaqudgha
Yredelemnul


Innate Abilities, Weirdness & Mutations

You passively map a small area around you.
You are easily found by Zot.
You glow in the dark.
You regain HP and MP as you explore.


Message History

Blork the orc seems to speed up.
The jelly hits you. The acid corrodes you!
You are splashed with acid!
You hit Blork the orc but do no damage.
Blork the orc is almost dead.
You barely miss the ufetubus. You hit the jelly.
You kill the jelly!
Trog accepts your kill. The ufetubus hits you. x2
Blork the orc screams, "I'll decorate my home with your organs!"
Blork the orc hits you with a +0 flail!
You have reached level 6!
You feel clever.
You barely miss Blork the orc.
Blork the orc is almost dead.
You hit the ufetubus. The ufetubus hits you. x2
* * * LOW HITPOINT WARNING * * *
Blork the orc casts a spell at you. The magic dart hits you.
* * * LOW HITPOINT WARNING * * *
You closely miss Blork the orc.
Blork the orc is almost dead.
You completely miss the ufetubus. You hit the white imp but do no damage.
The ufetubus closely misses you. The ufetubus hits you.
* * * LOW HITPOINT WARNING * * *
Blork the orc screams, "I'll eat your brain!
And then I'll vomit it back up!"
Blork the orc casts a spell at you. The puff of flame hits you. You resist.
* * * LOW HITPOINT WARNING * * *
The white imp gestures at you. The puff of frost hits you.
* * * LOW HITPOINT WARNING * * *
You hit Blork the orc.
You kill Blork the orc!
Trog accepts your kill.
Trog appreciates your killing of a magic user.
You hit the ufetubus but do no damage. You hit the white imp but do no damage.
The ufetubus hits you.
* * * LOW HITPOINT WARNING * * *
The ufetubus hits you.
You die...

, ... , #.#
#...# .., #
#...., .###.*
#.... #....*,
#..#. .#.##
#?...#..#.#
##....)...#.?#
#.....@5...#
#.#..#5#####
#..........#
#.........#.(#
#.....#..#.#** *
,....#.#...#.##*
, ,
###>#....#....#
* #......###. #
,#..#.....###


You could see a white imp and an ufetubus.

Vanquished Creatures
  Blork the orc (D:4)
  A jelly (D:4)
  A sleepcap (D:4)
  Ijyb (D:4)
  3 adders
  2 worms
  A dart slug (D:3)
  2 orcs (D:4)
  7 ball pythons
  3 bats
  10 endoplasms
  2 giant cockroaches (D:1)
  3 goblins
  3 hobgoblins
  8 jackals (D:2)
  8 kobolds
  2 quokkas (D:4)
  A frilled lizard (D:3)
  5 rats
64 creatures vanquished.

Notes
Turn   | Place    | Note
-------+----------+-------------------------------------------
     0 | D:1      | Shard1697 the Meteoran Berserker began the quest for the
                  | Orb.
     0 | D:1      | Reached XP level 1. HP: 19/19 MP: 2/2
     6 | D:1      | Noticed an anaconda
     6 | D:1      | Noticed a lindwurm
     6 | D:1      | Noticed a polar bear
     6 | D:1      | Noticed a wyvern
     6 | D:1      | Noticed a komodo dragon
    90 | D:1      | Reached skill level 4 in Axes
    90 | D:1      | Reached XP level 2. HP: 21/26 MP: 3/3
   294 | D:1      | Reached XP level 3. HP: 31/31 MP: 4/4
   340 | D:2      | Reached skill level 5 in Axes
   405 | D:2      | Reached ** piety under Trog
   544 | D:2      | Found a basalt altar of Yredelemnul.
   552 | D:2      | Reached XP level 4. HP: 38/38 MP: 5/5
   885 | D:3      | Found a snail-covered altar of Cheibriados.
   902 | D:3      | Found a broken altar of Ashenzari.
  1056 | D:4      | Reached skill level 6 in Axes
  1072 | D:4      | Found a staircase to the Ecumenical Temple.
  1107 | D:4      | Found an ancient bone altar of Kikubaaqudgha.
  1177 | D:4      | Reached XP level 5. HP: 45/45 MP: 6/6
  1239 | D:4      | Found a basalt altar of Yredelemnul.
  1266 | D:4      | Noticed Ijyb
  1276 | D:4      | Killed Ijyb
  1372 | D:4      | Noticed Blork the orc
  1383 | D:4      | Reached XP level 6. HP: 26/52 MP: 7/7
  1385 | D:4      | Killed Blork the orc
  1385 | D:4      | Slain by an ufetubus

Illustrated notes

Levels and vault maps discovered:
D:1:      onia_arrival_zoo_common, layout_rooms
D:2:      layout_loops_cross, ebering_ecumenical_altar_sacrificial, basic_altar,
          minmay_misc_feat_columns, grunt_ministairs_6
D:3:      layout_basic, ashenzari_conservatory_becter, cheibriados_altar_1
D:4:      layout_rooms, mainiacjoe_overflow_alcove_4, amcnicky_altar_gilded,
          minmay_temple_entry_hall, minmay_increasing_density,
          uniq_blork_the_orc, uniq_ijyb

Skill      XL: |  1  2  3  4  5 |
---------------+----------------+-----
Axes           | 4 5 6 |  6.7
Fighting       | 4 |  4.3
Armour         | |  2.4
Dodging        | |  2.4

Action                     |  1- 3 |  4- 6 || total
---------------------------+-------+-------++-------
  Melee: Hand axe          |    85 |   108 ||   193
         Punch             |     1 |     1 ||     2
 Invoke: Berserk           |       |     3 ||     3
    Use: Scroll            |     1 |       ||     1
 Armour: Ring mail         |    35 |    19 ||    54
         Plate armour      |    11 |    53 ||    64
  Dodge: Dodged            |    48 |    41 ||    89

Table legend: (Time is in decaauts)
 A = Elapsed time spent in this place.
 B = Non-inter-level travel time spent in this place.
 C = Inter-level travel time spent in this place.
 D = Time resting spent in this place.
 E = Time spent auto-exploring this place.
 F = Levels seen in this place.
 G = Mean time per level.
                   A        B        C        D        E       F      G
               +--------+--------+--------+--------+--------+-----+--------+
         Total |   1403 |   1300 |    103 |      0 |    125 |   4 |  350.8 |
       Dungeon |   1403 |   1300 |    103 |      0 |    125 |   4 |  350.8 |
               +--------+--------+--------+--------+--------+-----+--------+

Top non-repeatable levels by time:
     D:3: 368 daAuts
     D:2: 366 daAuts
     D:4: 348 daAuts
     D:1: 320 daAuts
